 Dungeon Crawl Stone Soup version 0.31-a0-1611-g890cdf5628 (console) character file.

Game seed: 11124718945047659983

260 bearlyready the Cudgeller (level 6, 0/59 HPs)
             Began as an Oni Warper on Jan 5, 2024.
             Killed from afar by an orc wizard (13 damage)
             ... with a puff of flame
             ... on level 4 of the Dungeon on Jan 9, 2024.
             The game lasted 00:10:12 (3168 turns).

bearlyready the Cudgeller (Oni Warper)              Turns: 3168, Time: 00:10:13

Health: 0/59       AC:  3    Str: 18    XL:     6   Next: 17%
Magic:  9/9        EV:  9    Int: 14    God:
Gold:   169        SH:  0    Dex:  8    Spells: 9/9 levels left

rFire   . . .        a - +0 mace
rCold   . . .        (no shield)
rNeg    . . .        b - +0 robe
rPois   .            (helmet restricted)
rElec   .            (no cloak)
rCorr   .            (gloves unavailable)
SInv    .            (boots unavailable)
Will    .....        (no amulet)
Stlth   +            n - ring of wizardry
HPRegen 0.29/turn    (no ring)
MPRegen 0.11/turn

%: wizardry (x1)
@: no status effects
A: large, unfitting armour, horns 1, tough skin 1, double potion healing,
drunken brawling
a: no special abilities


You were on level 4 of the Dungeon.
You visited 1 branch of the dungeon, and saw 4 of its levels.

You collected 169 gold pieces.

Inventory:

Hand Weapons
 a - a +0 mace (weapon)
Missiles
 d - 6 darts of dispersal
 g - 7 poisoned darts (quivered)
 o - 14 javelins
Armour
 b - a +0 robe (worn)
Jewellery
 n - a ring of wizardry (left hand)
Talismans
 k - a beast talisman
Scrolls
 c - 4 scrolls of blinking
 e - 3 scrolls of identify {unknown}
 f - a scroll of immolation {unknown}
 i - 2 scrolls of noise {unknown}
 j - a scroll of acquirement {unknown}
 l - a scroll of amnesia {unknown}
 m - a scroll of vulnerability {unknown}
 p - 2 scrolls of fog {unknown}
Potions
 h - a potion of enlightenment {unknown}
 q - a potion of cancellation {unknown}


   Skills:
 - Level 2.6 Fighting
 + Level 6.3 Maces & Flails
 - Level 1.0 Throwing
 - Level 2.1 Dodging
 - Level 2.4 Spellcasting
 - Level 2.6 Translocations


You had 9 spell levels left.
You didn't know any spells.
Your spell library contained the following spells:

 Spells                   Type           Power      Damage    Failure   Level
 Blink                    Tloc           18%        N/A       4%          2
 Lesser Beckoning         Tloc           18%        N/A       4%          2
 Magic Dart               Conj           4%         1d3       9%          1
 Teleport Other           Tloc           9%         N/A       9%          3
 Call Imp                 Summ           2%         N/A       14%         2
 Tukima's Dance           Hex            1%         N/A       26%         3
 Manifold Assault         Tloc           9%         N/A       28%         4
 Dimensional Bullseye     Hex/Tloc       2%         N/A       45%         4
 Iskenderun's Mystic Bla  Conj/Tloc      5%         2d3       45%         4
 Vhi's Electric Charge    Tloc/Air       10%        N/A       45%         4


Dungeon Overview and Level Annotations

Branches:
Dungeon (4/15)
 Temple: D:4-7

Altars:
Kikubaaqudgha
Nemelex Xobeh


Innate Abilities, Weirdness & Mutations

You are too large for most types of armour.
You have a pair of small horns on your head.
You have tough skin. (AC +1)
You gain doubled healing and magic from potions.
Whenever you drink a healing potion, you attack all around you.


Message History

You are too confused!
You are too confused!
You are too confused!
You are too confused!
You are too confused!
You are too confused!
You are too confused!
You are too confused!
You are too confused!
You are too confused!
You are too confused!
You are too confused!
You are too confused!
You are too confused!
You are too confused!
You are too confused!
An orc comes into view. It is wielding a +0 short sword.
You hear some strange, mumbled words.
A puff of flame appears from out of thin air!
The puff of flame hits you. The orc attacks as it pursues you!
The orc barely misses you.
You're too confused to move!
You bump into the rock wall.
The orc hits you with a +0 hand axe! Something hits you but does no damage.
You miss something. The orc hits you with a +0 hand axe. Something hits you.
You bump into the rock wall.
You feel less confused. Something hits you.
The orc hits you with a +0 hand axe.
You barely miss the orc. The orc barely misses you. The orc misses you.
Something hits you. The orc hits you with a +0 hand axe.
You sock something! Something hits you. The orc closely misses you.
The orc hits you but does no damage. The orc barely misses you.
You closely miss something. Your headbutt misses something.
The orc hits you but does no damage.
You hear some strange, mumbled words.
A puff of flame appears from out of thin air!
The puff of flame hits you!
* * * LOW HITPOINT WARNING * * *
The orc hits you but does no damage. The orc hits you with a +0 hand axe.
* * * LOW HITPOINT WARNING * * *
You hit something but do no damage. Your headbutt misses something.
The orc closely misses you.
You hear some strange, mumbled words.
A puff of flame appears from out of thin air!
The puff of flame hits you!
You die...

####.....#.......#
#........#.......#
#........#.......#
#..<.....#.......#
#...<....#.......#
#.....>###.......###
...<...# #.........#
<......# #.......#.#
.......# #......##.###
.......###.#....##...#
#........†......@o.#
######.###.....oo{##
#.#....#.....#
#........#.#.#
###.#........#
#..[........
##.....#####. #.###.#
..


You could see 3 orcs.

Vanquished Creatures
  A vampire bat (D:3)
  An orc priest (D:3)
  An iguana (D:3)
  An orc wizard (D:4)
  3 gnolls (D:2)
  4 adders
  2 dart slugs
  A ribbon worm (D:3)
  3 orcs (D:3)
  A bat skeleton (D:3)
  4 bat zombies (D:3)
  8 endoplasms
  5 giant cockroaches
  3 goblins
  8 hobgoblins
  3 jackals (D:1)
  2 quokkas
  5 ball pythons
  3 bats
  4 frilled lizards (D:3)
  6 kobolds
  5 rats
74 creatures vanquished.

Notes
Turn   | Place    | Note
-------+----------+-------------------------------------------
     0 | D:1      | bearlyready the Oni Warper began the quest for the Orb.
     0 | D:1      | Reached XP level 1. HP: 22/22 MP: 3/3
   363 | D:1      | Reached XP level 2. HP: 29/29 MP: 5/5
   363 | D:1      | Upgraded the game from 0.31-a0-1576-ga3383bade6 to
                  | 0.31-a0-1591-g515db51633
   562 | D:1      | Reached skill level 3 in Maces & Flails
  1154 | D:2      | Reached XP level 3. HP: 36/36 MP: 6/6
  1186 | D:2      | Found a faded altar of an unknown god.
  1187 | D:2      | Noticed a shining eye
  1190 | D:2      | Noticed a shining eye
  1190 | D:2      | Noticed a shining eye
  1190 | D:2      | Noticed a great orb of eyes
  1424 | D:2      | Found a sparkling altar of Nemelex Xobeh.
  1511 | D:2      | Reached skill level 4 in Maces & Flails
  1523 | D:2      | Reached XP level 4. HP: 17/44 MP: 7/7
  1812 | D:2      | Upgraded the game from 0.31-a0-1591-g515db51633 to
                  | 0.31-a0-1611-g890cdf5628
  2202 | D:3      | Reached skill level 5 in Maces & Flails
  2202 | D:3      | Reached XP level 5. HP: 21/50 MP: 8/8
  2749 | D:3      | Found an ancient bone altar of Kikubaaqudgha.
  2902 | D:3      | Reached skill level 6 in Maces & Flails
  2902 | D:3      | Reached XP level 6. HP: 16/59 MP: 9/9
  3168 | D:4      | Killed from afar by an orc wizard

Illustrated notes

Levels and vault maps discovered:
D:1:      elethiomel_arrival_maze, layout_basic, moated_statue
D:2:      layout_loops_ring, hellmonk_ecumenical_altar_watching_god,
          basic_altar, minivault_4, minmay_misc_feat_doors
D:3:      minmay_diamond_boxcup, layout_rooms, kennysheep_vampire_church
D:4:      layout_basic, ashenzari_conservatory_becter, uniq_blork_the_orc

Skill      XL: |  1  2  3  4  5 |
---------------+----------------+-----
Maces & Flails | 3 4 5 6 |  6.3
Fighting       | |  2.6
Throwing       | |  1.0
Dodging        | |  2.1
Spellcasting   | |  2.4
Translocations | |  2.6

Action                     |  1- 3 |  4- 6 || total
---------------------------+-------+-------++-------
  Melee: Mace              |    82 |   157 ||   239
         Headbutt          |    12 |    19 ||    31
  Throw: Dart              |     6 |       ||     6
         Javelin           |     4 |       ||     4
    Use: Potion            |     2 |       ||     2
 Armour: Robe              |    68 |   151 ||   219
         Skin              |    11 |       ||    11
  Dodge: Dodged            |    57 |   104 ||   161

Table legend: (Time is in decaauts)
 A = Elapsed time spent in this place.
 B = Non-inter-level travel time spent in this place.
 C = Inter-level travel time spent in this place.
 D = Time resting spent in this place.
 E = Time spent auto-exploring this place.
 F = Levels seen in this place.
 G = Mean time per level.
                   A        B        C        D        E       F      G
               +--------+--------+--------+--------+--------+-----+--------+
         Total |   3211 |   3076 |    135 |    146 |   2345 |   4 |  802.8 |
       Dungeon |   3211 |   3076 |    135 |    146 |   2345 |   4 |  802.8 |
               +--------+--------+--------+--------+--------+-----+--------+

Top non-repeatable levels by time:
     D:1: 1084 daAuts
     D:3: 1060 daAuts
     D:2: 953 daAuts
     D:4: 113 daAuts
